 Dungeon Crawl Stone Soup version 0.23-a0-667-gc184e93 (console) character file.

135 Duffy the Conjurer (level 4, -4/30 HPs)
             Began as a Demonspawn Wizard on Jan 8, 2019.
             Slain by a gnoll
             ... wielding a +0 spear
              (7 damage)
             ... on level 3 of the Dungeon.
             The game lasted 00:02:28 (2125 turns).

Duffy the Conjurer (Demonspawn Wizard)              Turns: 2125, Time: 00:02:28

Health: -4/30      AC:  3    Str:  7    XL:     4   Next: 97%
Magic:  8/8        EV: 12    Int: 21    God:
Gold:   134        SH:  0    Dex: 11    Spells: 0/9 levels left

rFire    . . .     SeeInvis +   i - +1 spear (distort)
rCold    . . .     Gourm    .   (no shield)
rNeg     . . .     Faith    .   a - +0 robe
rPois    .         Spirit   .   b - +0 hat
rElec    .         Reflect  .   (no cloak)
rCorr    .         Harm     +   (no gloves)
MR       .....                  l - +0 pair of boots
Stlth    +++.......             q - amulet of harm
HPRegen  1.10/turn              h - ring of stealth
MPRegen  0.11/turn              r - ring of see invisible

@: flying, hasted, very quick
A: powered by death 1
a: no special abilities


You were on level 3 of the Dungeon.
You were not hungry.

You visited 1 branch of the dungeon, and saw 3 of its levels.

You collected 134 gold pieces.

Inventory:

Hand Weapons
 c - a +0 club
 e - a +0 club
 i - a +1 spear of distortion (weapon)
Armour
 a - a +0 robe (worn)
 b - a +0 hat (worn)
 l - a +0 pair of boots (worn)
Jewellery
 h - a ring of stealth (left hand)
 q - an amulet of harm (around neck)
 r - a ring of see invisible (right hand)
Scrolls
 j - a scroll of identify {unknown}
 k - a scroll of teleportation {unknown}
 n - a scroll of remove curse {unknown}
 o - a scroll of amnesia {unknown}
Comestibles
 d - 4 rations
 s - 3 chunks of flesh


   Skills:
 - Level 1.7 Dodging
 - Level 1.7 Stealth
 - Level 3.0 Spellcasting
 + Level 4.9 Conjurations
 - Level 1.0 Summonings
   Level 0.8 Translocations


You couldn't memorise any spells.
You knew the following spells:

 Your Spells              Type           Power        Failure   Level  Hunger
h - Magic Dart            Conj           ###.         1%          1    None
i - Call Imp              Summ           #.......     13%         2    ##.....
k - Mephitic Cloud        Conj/Pois/Air  #.......     21%         3    ###....
l - Conjure Flame         Conj/Fire      ##......     14%         3    ###....

Your spell library contained the following spells:

 Spells                   Type           Power        Failure   Level  Hunger
 Blink                    Tloc           N/A          14%         2    ##.....
 Slow                     Hex            #.......     21%         2    ##.....


Dungeon Overview and Level Annotations

Branches:
Dungeon (3/15)

Altars:
Elyvilon

Annotations:
D:3 Jessica


Innate Abilities, Weirdness & Mutations

You regenerate a little health from kills.


Message History

The gnoll barely misses you.
You hit the gnoll.
The gnoll is heavily wounded.
The gnoll closely misses you. The gnoll hits you but does no damage.
You barely miss the gnoll.
The gnoll is heavily wounded.
Attack whom?
Press: ? - help, Dir - move target cursor, f - gnoll
Aim: a gnoll (heavily wounded)
You hit the gnoll.
The gnoll looks slightly unstable.
The gnoll is severely wounded.
The gnoll hits you from afar with a +0 spear.
The gnoll hits you.
Attack whom?
Press: ? - help, Dir - move target cursor, f/p - gnoll
Aim: a gnoll (severely wounded)
You hit the gnoll but do no damage.
Space warps horribly around the gnoll!
You kill the gnoll!
The gnoll hits you from afar with a +0 spear.
You die...

...# ##..<..#####
..######.%.....#
...............#
.#######.......###
.# ##........#
##...###.# ##g##
#.## #...###..#
##....###@###
##.77(...#...#
#.7..777gg...#
#77777 7777..#
7..# 77..# 7...#
7...# 77..#


You could see a gnoll.

Vanquished Creatures
  6 gnolls
  3 adders (D:2)
  An ooze (D:3)
  3 dart slugs
  An orc (D:3)
  2 ball pythons (D:2)
  5 bats
  3 giant cockroaches
  3 hobgoblins
  A quokka (D:2)
  2 frilled lizards (D:2)
  3 goblins
  8 kobolds
  4 rats
45 creatures vanquished.

Notes
Turn   | Place    | Note
-------+----------+-------------------------------------------
     0 | D:1      | Duffy the Demonspawn Wizard began the quest for the Orb.
     0 | D:1      | Reached XP level 1. HP: 13/13 MP: 4/4
   209 | D:1      | Reached skill level 2 in Conjurations
   338 | D:1      | Gained mutation: You regenerate a little health from kills.
                  | [demonic ancestry]
   338 | D:1      | Reached XP level 2. HP: 19/19 MP: 6/6
   590 | D:2      | Reached skill level 3 in Conjurations
   590 | D:2      | Reached XP level 3. HP: 24/24 MP: 7/7
   644 | D:2      | Learned a level 2 spell: Call Imp
   648 | D:2      | Learned a level 3 spell: Conjure Flame
  1257 | D:2      | Reached skill level 4 in Conjurations
  1257 | D:2      | Reached XP level 4. HP: 26/30 MP: 1/8
  1752 | D:2      | Learned a level 3 spell: Mephitic Cloud
  1875 | D:3      | Noticed an ogre
  1893 | D:3      | Found a white marble altar of Elyvilon.
  1893 | D:3      | Noticed Jessica
  2125 | D:3      | Slain by a gnoll

Vault maps used:
D:1:      matt_arrival_grand_opening
D:3:      elyvilon_altar_5, lemuel_coloured_pillars_altar,
          chequers_ecumenical_altar_grove, uniq_ijyb, uniq_purgy, uniq_jessica

Skill      XL: |  1  2  3 |
---------------+----------+-----
Conjurations   | 2 3 4 |  4.9
Dodging        | |  1.7
Stealth        | |  1.7
Spellcasting   | |  3.0
Summonings     | |  1.0
Translocations | |  0.8

Action                   |  1- 3 |  4- 6 || total
-------------------------+-------+-------++-------
Melee: Spear             |    35 |    23 ||    58
       Unarmed           |     1 |       ||     1
 Cast: Magic Dart        |    35 |    21 ||    56
  Use: Potion            |       |     4 ||     4
 Stab: Sleeping          |     7 |     3 ||    10
  Eat: Chunk             |     1 |       ||     1
       Ration            |       |     1 ||     1
Armor: Robe              |     1 |     9 ||    10
Dodge: Dodged            |    22 |    24 ||    46

Table legend:
 A = Non-vault XP
 B = Vault XP
 C = Vault XP percentage of total XP
 D = Non-vault monster count
 E = Vault monster count
 F = Vault count percentage of total count
                 A         B        C        D         E       F
            +---------+---------+-------+---------+---------+-------
      Total |     194 |       0 |   0.0 |      45 |       0 |   0.0
            +---------+---------+-------+---------+---------+-------
        D:1 |      33 |       0 |   0.0 |      12 |       0 |   0.0
        D:2 |     120 |       0 |   0.0 |      27 |       0 |   0.0
        D:3 |      41 |       0 |   0.0 |       6 |       0 |   0.0
            +---------+---------+-------+---------+---------+-------
